 Dungeon Crawl Stone Soup version 0.22-a0-348-gd16d1391c7 (webtiles) character file.

227700 Kriby the Brawler (level 18, -5/307 HPs)
             Began as a Troll Monk on Apr 9, 2018.
             Slain by an azure jelly (6 damage)
             ... on level 2 of the Pits of Slime on Apr 10, 2018.
             The game lasted 01:26:23 (37913 turns).

Kriby the Brawler (Troll Monk)                     Turns: 37913, Time: 01:26:23

Health: -5/307     AC: 13    Str: 25    XL:     18   Next: 68%
Magic:  17/17      EV:  1    Int:  8    God:
Gold:   790        SH:  0    Dex: 12    Spells: 16/17 levels left

rFire    . . .     SeeInvis +     - Unarmed
rCold    . . .     Gourm    +   F - +1 large shield {rN+}
rNeg     + + +     Faith    .   (armour currently unavailable)
rPois    +         Spirit   .   (helmet currently unavailable)
rElec    +         Reflect  .   (cloak currently unavailable)
rCorr    .         Harm     .   (gloves unavailable)
MR       +....     NoTele   +   (boots unavailable)
Stlth    +.........             S - amulet "Min Xiod" {RegenMP rElec rN+++ Str-5}
HPRegen  1.01/turn              M - ring "Igiatekh" {rN+ SInv}
MPRegen  0.40/turn              C - ring of poison resistance

@: confused, tree-form, corroded
A: large, unfitting armour, clever 1, fast metabolism 3, gourmand, mutation
resistance 1, regeneration 1, robust 1
}: 1/15 runes: decaying
a: no special abilities


You were on level 2 of the Pits of Slime.
You were not hungry.
You were a tree.
You visited 7 branches of the dungeon, and saw 32 of its levels.
You also visited: Labyrinth and Volcano.

You collected 2467 gold pieces.
You spent 1677 gold pieces at shops.

Inventory:

Hand Weapons
 w - a +0 broad axe of flaming
 L - a +0 battleaxe of freezing
Missiles
 a - 17 javelins (quivered)
 e - 31 large rocks
 m - 11 javelins of returning
Armour
 i - a +2 cloak (melded)
 n - +0 acid dragon scales (melded)
 p - a +2 robe of magic resistance
 r - a +2 hat (melded)
 y - a +0 troll leather armour
 A - a +2 shield
 F - a +1 large shield of positive energy (worn)
 I - +0 swamp dragon scales
 K - a +2 shield of positive energy
 R - a +2 shield of protection
Jewellery
 g - an uncursed ring of see invisible
 k - an uncursed amulet of guardian spirit
 o - an uncursed ring of flight
 q - an uncursed ring of protection from magic
 t - a +5 amulet of reflection
 C - a ring of poison resistance (right branch)
 M - the ring "Igiatekh" (left branch) {rN+ SInv}
   (You found it on level 6 of the Lair of Beasts)

   [ring of positive energy]

   It protects you from negative energy.
   It lets you see invisible.
 S - the amulet "Min Xiod" (around neck) {RegenMP rElec rN+++ Str-5}
   (You found it on level 2 of the Swamp)

   [amulet of magic regeneration]

   It increases your magic regeneration.
   It affects your strength (-5).
   It insulates you from electricity.
   It renders you almost immune to negative energy.
 T - a cursed ring of loudness {unknown}
 V - the ring of Robustness {AC+8}
   (You found it on level 1 of the Depths)

   [ring of protection]

   It affects your AC (+8).
Wands
 s - a wand of flame (51)
 u - a wand of disintegration (16)
 z - a wand of iceblast (5)
 B - a wand of paralysis (9)
 J - a wand of polymorph (11)
Scrolls
 c - 19 scrolls of remove curse
 f - 12 scrolls of identify
 h - 4 scrolls of teleportation
 j - 3 scrolls of amnesia
 v - 3 scrolls of magic mapping
 H - 3 scrolls of enchant weapon
 O - 2 scrolls of fog
 P - 2 scrolls of holy word
Potions
 x - a potion of flight
 G - a potion of ambrosia
 N - 3 potions of brilliance
 U - a potion of agility
Comestibles
 b - 45 rations


   Skills:
 + Level 13.6 Fighting
 - Level 5.0 Throwing
 + Level 13.6 Dodging
 - Level 1.0 Stealth
 * Level 12.6 Shields
 + Level 19.0 Unarmed Combat


You had 16 spell levels left.
You knew the following spells:

 Your Spells              Type           Power        Failure   Level  Hunger
a - Animate Skeleton      Necr           N/A          56%         1    ##.....


Dungeon Overview and Level Annotations

Branches:
Dungeon (15/15)            Temple (0/1) D:6            Lair (6/6) D:8
  Swamp (4/4) Lair:2        Snake (1/4) Lair:2        Slime (3/5) Lair:6
    Orc (2/2) D:10            Elf (0/3) Orc:2        Vaults (0/5) D:14
 Depths (1/5) D:15

Altars:
Dithmenos
Gozag
Kikubaaqudgha
Trog
Vehumet
Xom
The Shining One
Beogh

Shops:
D:7 }*   D:9 *   D:11 ([(%[   D:14 [   Orc:2 }!!}[

Portals:
Hell: Depths:1
Pandemonium: Depths:1

Annotations:
Snake:1 exclusion: oklob plant


Innate Abilities, Weirdness & Mutations

You are too large for most types of armour.
((You have claws for hands.))
Your metabolism is lightning-fast.
You like to eat raw meat.
Your natural rate of healing is unusually fast.
((You are covered in thick fur. (AC +2)))
((You have very tough skin. (AC +2)))
((You are partially covered in yellow scales. (AC +2)))
((Your skin changes colour to match your surroundings (Stealth+).))
Your mind is acute. (Int +2)
You are somewhat resistant to further mutation.
You are robust. (+10% HP)
((You are occasionally teleported next to monsters.))


Message History

The azure jelly hits you but does no damage. x3
The azure jelly barely misses you.
You pummel the acid blob!!
Your branches burn!
* * * LOW HITPOINT WARNING * * *
The acid blob is heavily wounded.
The acid blob spits acid at you. The splash of acid hits you!
* * * LOW HITPOINT WARNING * * *
The acid corrodes you!
You are splashed with acid!
The acid burns!
* * * LOW HITPOINT WARNING * * *
You're too confused!
You are more confused.
You feel invigorated.
The azure jelly hits you but does no damage.
The azure jelly hits you.
* * * LOW HITPOINT WARNING * * *
The azure jelly freezes you!!
* * * LOW HITPOINT WARNING * * *
The azure jelly hits you.
You die...

#### .
####...#..
###.........
##...........
##............
##...J.......>.
#...♣J.........
##.............
#.............
##.####.#.....
## #......
.....# .#.##.


You could see an acid blob and an azure jelly.

Vanquished Creatures
  the Lernaean hydra (Swamp:4)
  7 acid blobs
  Frances (D:14)
  Donald (Swamp:2)
  A thorn hunter (Swamp:4)
  Gastronok (Lair:3)
  2 azure jellies
  A frost giant (D:15)
  A fire giant (D:15)
  Aizul (Lair:2)
  8 very ugly things (Depths:1)
  A stone giant (Orc:1)
  5 dire elephants (Lair:6)
  A minotaur (Lab)
  2 ettins (Depths:1)
  A fire dragon (Depths:1)
  2 great orbs of eyes
  Erolcha (Orc:2)
  20 hydras
  5 naga warriors
  An ice dragon (Depths:1)
  A catoblepas (Lair:5)
  3 anacondas
  6 centaur warriors
  9 two-headed ogres
  A ghost crab (Swamp:3)
  16 alligators
  6 death yaks (Lair:6)
  A vampire mage (D:15)
  A shock serpent (Lair:2)
  2 ogre magi (Orc:2)
  An orc high priest (Orc:1)
  Urug (Lair:3)
  Nergalle (Orc:2)
  5 hell knights
  Sonja (Orc:2)
  A salamander mystic (Volcano)
  4 unseen horrors
  11 swamp dragons
  7 skeletal warriors (D:15)
  An orange crystal statue (Depths:1)
  7 necromancers
  2 shambling mangroves
  An orc knight (D:12)
  The ghost of Laan the Destroyer, a novice DEFE (D:7)
  2 naga ritualists
  3 deep elf magi (D:14)
  A harpy (D:15)
  3 manticores
  3 shining eyes
  6 oklob plants (Lair:6)
  An iron dragon zombie (D:15)
  4 mana vipers
  6 orc sorcerers (Orc:2)
  6 salamanders
  8 ugly things
  A fire giant zombie (D:15)
  8 black mambas
  4 cyclopes
  A guardian serpent (Lair:2)
  2 rust devils (Depths:1)
  11 elephants (Lair:6)
  A molten gargoyle (Volcano)
  3 gargoyles
  2 torpor snails
  16 spiny frogs
  A rime drake (Lair:6)
  11 komodo dragons
  A spriggan zombie (D:15)
  A tormentor (Depths:1)
  A tengu conjurer (D:13)
  A spriggan skeleton (Depths:1)
  An efreet (D:13)
  A queen bee (Lair:3)
  A jumping spider (shapeshifter) (D:14)
  11 tyrant leeches
  5 trolls
  2 polar bears (D:9)
  Prince Ribbit (D:8)
  16 bog bodies
  9 dream sheep (Lair:6)
  An ettin zombie (Depths:1)
  9 hornets
  16 blink frogs
  An ice dragon zombie (D:15)
  A meliai zombie (D:13)
  57 slime creatures
  10 hippogriffs
  A deep troll skeleton (Depths:1)
  3 shadows
  2 spriggans
  2 basilisks
  3 wraiths
  2 wyverns
  57 yaks
  A yak (shapeshifter) (Depths:1)
  3 hungry ghosts
  2 fire bats (Lair:4)
  7 golden eyes
  A chaos spawn (Depths:1)
  6 vampire mosquitoes
  7 insubstantial wisps
  13 swamp worms
  An acid dragon (D:13)
  A warg (Orc:1)
  4 nagas
  13 water moccasins
  2 hell hounds (Lair:5)
  6 porcupines
  A floating eye (Slime:2)
  10 swamp drakes
  Duvessa (D:4)
  2 hornet zombies
  26 orc warriors
  2 black bears
  9 ice beasts
  A necrophage (D:6)
  2 eyes of draining
  A sky beast (D:11)
  4 phantoms
  18 wolves
  11 ogres
  19 centaurs
  8 crocodiles
  15 bullfrogs
  A gnoll sergeant (D:4)
  Dowan (D:4)
  A wyvern skeleton (D:11)
  5 scorpions
  28 killer bees
  7 wights
  3 electric eels
  8 centaur zombies
  12 crimson imps
  4 lava snakes (Volcano)
  4 bullfrog zombies
  Crazy Yiuf (D:4)
  5 hounds
  A gnoll shaman (D:8)
  2 jellies
  7 centaur skeletons
  6 orc priests
  8 iguanas
  48 orc wizards
  5 hell rats (Lair:6)
  8 worker ants
  A bullfrog simulacrum (D:9)
  4 hound skeletons
  A howler monkey zombie (D:7)
  13 gnolls
  19 adders
  5 shadow imps
  5 white imps (D:9)
  A worker ant simulacrum (D:9)
  3 ufetubi (D:9)
  An ooze (D:4)
  3 adder skeletons
  5 worms
  6 leopard geckos
  103 orcs
  A ball python (D:2)
  15 giant cockroaches
  10 goblins
  2 hobgoblins (D:1)
  15 jackals
  6 kobolds
  3 quokkas
  9 bats
  3 frilled lizards
  A leopard gecko zombie (D:6)
  A quokka zombie (D:5)
  3 rats (D:3)
  A briar patch (Swamp:4)
  A bush (Lair:6)
  A fire vortex (Lair:4)
  5 fungi (Lair:6)
  3 plants (Lair:6)
1086 creatures vanquished.

Vanquished Creatures (collateral kills)
  A hydra (Lair:3)
1 creature vanquished.

Vanquished Creatures (others)
  A centaur warrior (D:15)
  A cyclops (D:13)
  A swamp drake (Swamp:4)
  3 centaurs (D:13)
  An orc wizard (Orc:2)
  3 orcs (Orc:2)
  A briar patch (Swamp:4)
  A bush (Swamp:4)
  12 fungi
  15 plants
  3 withered plants (D:15)
42 creatures vanquished.

Grand Total: 1129 creatures vanquished

Notes
Turn   | Place    | Note
-------+----------+-------------------------------------------
     0 | D:1      | Kriby the Troll Monk began the quest for the Orb.
     0 | D:1      | Reached XP level 1. HP: 22/22 MP: 0/0
   271 | D:1      | Reached XP level 2. HP: 29/29 MP: 1/1
   826 | D:2      | Reached XP level 3. HP: 24/36 MP: 2/2
  1117 | D:2      | Reached skill level 4 in Unarmed Combat
  1441 | D:3      | Reached XP level 4. HP: 31/44 MP: 3/3
  2532 | D:4      | Found a runed door.
  2622 | D:4      | Noticed Duvessa
  2623 | D:4      | Noticed Dowan
  2635 | D:4      | Killed Duvessa
  2635 | D:4      | Reached skill level 1 in Shields
  2635 | D:4      | Reached XP level 5. HP: 53/53 MP: 4/4
  2639 | D:4      | Killed Dowan
  2639 | D:4      | Reached skill level 5 in Unarmed Combat
  2639 | D:4      | Reached XP level 6. HP: 61/61 MP: 5/5
  3077 | D:4      | Found a glowing golden altar of the Shining One.
  3229 | D:4      | Noticed Crazy Yiuf
  3236 | D:4      | Killed Crazy Yiuf
  3303 | D:5      | Entered Level 5 of the Dungeon
  3456 | D:5      | Reached XP level 7. HP: 23/68 MP: 6/6
  3708 | D:5      | Reached skill level 6 in Unarmed Combat
  4240 | D:6      | Reached XP level 8. HP: 79/79 MP: 7/7
  4437 | D:6      | Reached skill level 7 in Unarmed Combat
  4873 | D:6      | Found a staircase to the Ecumenical Temple.
  5231 | D:6      | Reached skill level 8 in Unarmed Combat
  5248 | D:6      | Reached skill level 5 in Fighting
  5248 | D:6      | Reached skill level 5 in Dodging
  5272 | D:6      | Reached XP level 9. HP: 73/85 MP: 8/8
  5630 | D:7      | Found a bloodstained altar of Trog.
  5681 | D:7      | Found Niuvat Niaso's General Store.
  5925 | D:7      | Noticed Laan's ghost (novice DEFE)
  5940 | D:7      | HP: 1/88 [Laan's ghost/flame tongue (5)]
  5943 | D:7      | Found Maisor's Gadget Shop.
  6245 | D:7      | Reached skill level 9 in Unarmed Combat
  6601 | D:8      | Found a staircase to the Lair.
  6650 | D:8      | Noticed a two-headed ogre
  6660 | D:8      | Killed a two-headed ogre
  6660 | D:8      | Reached skill level 5 in Shields
  6660 | D:8      | Reached XP level 10. HP: 80/98 MP: 9/9
  6818 | D:8      | Noticed Prince Ribbit
  6827 | D:8      | Killed Prince Ribbit
  6827 | D:8      | Reached skill level 10 in Unarmed Combat
  8469 | D:9      | Reached skill level 11 in Unarmed Combat
  8876 | D:9      | Reached XP level 11. HP: 90/107 MP: 10/10
  8970 | D:9      | Found Aduy's Assorted Antiques.
  9198 | D:10     | Entered Level 10 of the Dungeon
 10076 | D:10     | Found a staircase to the Orcish Mines.
 10077 | D:10     | Noticed a two-headed ogre
 10094 | D:10     | Killed a two-headed ogre
 10549 | Lair:1   | Entered Level 1 of the Lair of Beasts
 10665 | D:8      | HP: 2/109 [yak (11)]
 10673 | D:8      | HP: 5/109 [yak (9)]
 10841 | Lair:1   | Reached skill level 12 in Unarmed Combat
 10947 | Lair:1   | Found a labyrinth entrance.
 10956 | Lab      | Entered a labyrinth
 11055 | Lab      | Noticed a minotaur
 11067 | Lab      | Killed a minotaur
 11937 | Lair:2   | Found a staircase to the Swamp.
 12109 | Lair:2   | Reached XP level 12. HP: 106/119 MP: 11/11
 12192 | Lair:2   | Found a staircase to the Snake Pit.
 12593 | Lair:2   | You fall through a shaft for 2 floors!
 12668 | Lair:2   | Reached skill level 13 in Unarmed Combat
 13302 | Lair:3   | Noticed Gastronok
 13314 | Lair:3   | Killed Gastronok
 13699 | Lair:3   | Noticed a seven-headed hydra
 13718 | Lair:3   | Killed a seven-headed hydra
 13917 | Lair:3   | Noticed Urug
 13936 | Lair:3   | Killed Urug
 14519 | Lair:4   | Noticed a six-headed hydra
 14538 | Lair:4   | Killed a six-headed hydra
 15289 | Lair:5   | Reached XP level 13. HP: 130/130 MP: 12/12
 15308 | Lair:5   | Reached skill level 14 in Unarmed Combat
 15472 | Lair:5   | Found a dark tunnel.
 15491 | Volcano  | Entered a volcano
 15822 | Volcano  | Found a bloodstained altar of Trog.
 16921 | Lair:6   | Entered Level 6 of the Lair of Beasts
 17178 | Lair:6   | Found a staircase to the Slime Pits.
 17822 | Lair:6   | Reached skill level 15 in Unarmed Combat
 18185 | Lair:1   | Reached skill level 10 in Fighting
 18189 | Lair:1   | Reached skill level 10 in Dodging
 18292 | Orc:1    | Entered Level 1 of the Orcish Mines
 18330 | Orc:1    | Reached XP level 14. HP: 142/143 MP: 13/13
 18401 | Orc:1    | Noticed a stone giant
 18410 | Orc:1    | Killed a stone giant
 18715 | Orc:2    | Entered Level 2 of the Orcish Mines
 19099 | Orc:2    | Found a staircase to the Elven Halls.
 19477 | Orc:2    | Found Poqyocs's Gadget Shoppe.
 19710 | D:7      | Killed Laan's ghost
 19727 | D:7      | Bought a potion of experience for 800 gold pieces
 19727 | D:7      | Reached skill level 16 in Unarmed Combat
 19727 | D:7      | Reached XP level 15. HP: 139/149 MP: 14/14
 19974 | Orc:2    | Noticed Sonja
 19984 | Orc:2    | Killed Sonja
 20146 | Orc:2    | Reached skill level 1 in Throwing
 20151 | Orc:2    | Found Xifaph's Distillery.
 20214 | Orc:2    | Bought a potion of berserk rage for 85 gold pieces
 20214 | Orc:2    | Bought a potion of heal wounds for 85 gold pieces
 20214 | Orc:2    | Bought a potion of curing for 51 gold pieces
 20214 | Orc:2    | Bought a potion of curing for 51 gold pieces
 20214 | Orc:2    | Bought a potion of heal wounds for 85 gold pieces
 20214 | Orc:2    | Bought a potion of berserk rage for 85 gold pieces
 20225 | Orc:2    | Found an ancient bone altar of Kikubaaqudgha.
 20225 | Orc:2    | Noticed Nergalle
 20240 | Orc:2    | Killed Nergalle
 20240 | Orc:2    | Paralysed by an orc sorcerer for 4 turns
 20399 | Orc:2    | Paralysed by an orc sorcerer for 6 turns
 20422 | Orc:2    | Bought a potion of agility for 68 gold pieces
 20685 | Orc:2    | Noticed Erolcha
 20685 | Orc:2    | Found a radiant altar of Vehumet.
 20691 | Orc:2    | Killed Erolcha
 20694 | Orc:2    | Found Ickevedwe's Distillery.
 20711 | Orc:2    | Paralysed by an orc sorcerer for 6 turns
 20933 | Orc:2    | Bought 2 potions of heal wounds for 150 gold pieces
 20983 | Orc:2    | Found a roughly hewn altar of Beogh.
 20983 | Orc:2    | Found Jomej's Gadget Shoppe.
 21004 | Orc:2    | Found Womany's Antique Armour Shoppe.
 21377 | D:11     | Found Ruriacuk's Antique Weapon Shop.
 21452 | D:11     | Found Mycrer's Food Shoppe.
 21585 | D:11     | Found Putyupau's Armour Boutique.
 21729 | D:11     | Found Hosead's Antique Weapon Shoppe.
 21803 | D:11     | Found Ifatudik's Antique Armour Shop.
 23269 | D:13     | You fall through a shaft for 2 floors!
 23269 | D:15     | Entered Level 15 of the Dungeon
 23634 | D:14     | Found a gate to the Vaults.
 23882 | D:14     | Noticed Frances
 23890 | D:14     | Killed Frances
 23890 | D:14     | Reached skill level 17 in Unarmed Combat
 23932 | D:14     | Reached skill level 5 in Throwing
 23966 | D:14     | Found Emaberrako's Antique Armour Shoppe.
 23968 | D:14     | Bought a glowing large shield for 217 gold pieces
 24235 | D:14     | Reached XP level 16. HP: 132/162 MP: 15/15
 24471 | D:15     | Found a staircase to the Depths.
 24835 | D:15     | Found an opulent altar of Gozag.
 25273 | D:15     | Found a large runed door.
 25300 | D:15     | Found a large runed door.
 25693 | D:15     | Found a shadowy altar of Dithmenos.
 25698 | D:15     | Found a bloodstained altar of Trog.
 26160 | Lair:6   | Identified a scroll of acquirement
 26853 | Lair:6   | Got a transparent ivory ring
 26858 | Lair:6   | Identified the ring "Igiatekh" {rN+ SInv} (You found it on level 6 of the Lair of Beasts)
 27349 | Lair:6   | Reached skill level 10 in Shields
 27655 | Slime:1  | Entered Level 1 of the Pits of Slime
 27673 | Slime:1  | Gained mutation: You are frail. (-10% HP) [a shining eye]
 27811 | Slime:2  | Noticed an acid blob
 27818 | Slime:2  | Noticed an acid blob
 27819 | Slime:2  | Killed an acid blob
 27830 | Slime:1  | Killed an acid blob
 27952 | Slime:2  | Noticed an acid blob
 27963 | Slime:2  | Killed an acid blob
 28096 | Slime:3  | Noticed an acid blob
 28103 | Slime:3  | Paralysed by a floating eye for 3 turns
 28104 | Slime:3  | Noticed an acid blob
 28126 | Slime:1  | Killed an acid blob
 28333 | Slime:2  | Paralysed by a floating eye for 4 turns
 28510 | Swamp:1  | Entered Level 1 of the Swamp
 28515 | Swamp:1  | Reached XP level 17. HP: 154/154 MP: 16/16
 29439 | Swamp:2  | Noticed Donald
 29622 | Swamp:2  | Killed Donald
 29709 | Swamp:2  | Got a scintillating bronze amulet
 29710 | Swamp:2  | Identified the amulet "Min Xiod" {RegenMP rElec rN+++ Str-5} (You found it on level 2 of the Swamp)
 29832 | Swamp:2  | Reached skill level 18 in Unarmed Combat
 31473 | Swamp:4  | Entered Level 4 of the Swamp
 32269 | Swamp:4  | Noticed the 27-headed Lernaean hydra
 32280 | Swamp:4  | Killed the 27-headed Lernaean hydra
 32400 | Swamp:4  | Got a decaying rune of Zot
 33325 | Snake:1  | Entered Level 1 of the Snake Pit
 33349 | Snake:1  | Noticed Aizul
 33370 | Lair:2   | Killed Aizul
 33641 | D:13     | Found a shimmering altar of Xom.
 33695 | D:13     | Identified the +1 cloak "Turar" {+Inv Dex+2} (You acquired it on level 13 of the Dungeon)
 33921 | Depths:1 | Entered Level 1 of the Depths
 34105 | Depths:1 | Found a gateway to Hell.
 34278 | Depths:1 | Found the ring of Robustness {AC+8}
 34387 | Depths:1 | Reached XP level 18. HP: 135/166 MP: 17/17
 34576 | Depths:1 | Found a one-way gate leading to the halls of Pandemonium.
 34978 | Depths:1 | Got a pair of warped boots
 35208 | Depths:1 | Learned a level 1 spell: Animate Skeleton
 36511 | Slime:1  | HP: 8/168 [azure jelly (40)]
 36512 | Slime:1  | HP: 3/168 [azure jelly (6)]
 36517 | Slime:1  | HP: 4/168 [azure jelly (3)]
 36523 | Slime:1  | HP: 6/168 [azure jelly (7)]
 37162 | Slime:1  | You fall through a shaft!
 37393 | Slime:2  | Gained mutation: Your flesh is heat resistant. (rF+) [a shining eye]
 37401 | Slime:2  | Gained mutation: You occasionally shout uncontrollably at your foes. [a shining eye]
 37405 | Slime:2  | Gained mutation: Scrolls take you a little longer to read. [a shining eye]
 37409 | Slime:2  | Lost mutation: You are frail. (-10% HP) [a shining eye]
 37415 | Slime:2  | Gained mutation: You are weak. (Str -2) [a shining eye]
 37420 | Slime:2  | Gained mutation: Armour fits poorly on your strangely shaped body. [a shining eye]
 37426 | Slime:2  | Gained mutation: You tend to lose your temper in combat. [a shining eye]
 37429 | Slime:2  | Gained mutation: You are occasionally teleported next to monsters. [a shining eye]
 37506 | Slime:2  | Lost mutation: Scrolls take you a little longer to read. [potion of mutation]
 37506 | Slime:2  | Lost mutation: Armour fits poorly on your strangely shaped body. [potion of mutation]
 37506 | Slime:2  | Gained mutation: You evolve. [potion of mutation]
 37506 | Slime:2  | Gained mutation: You are partially covered in rugged brown scales. (AC +1, +3% HP) [potion of mutation]
 37506 | Slime:2  | Gained mutation: You are covered in thick fur. (AC +2) [potion of mutation]
 37506 | Slime:2  | Gained mutation: You have a pair of small horns on your head. [potion of mutation]
 37507 | Slime:2  | Lost mutation: You evolve. [potion of mutation]
 37507 | Slime:2  | Lost mutation: Your flesh is heat resistant. (rF+) [potion of mutation]
 37507 | Slime:2  | Gained mutation: Your movements are slightly less encumbered by armour. (ER -2) [potion of mutation]
 37507 | Slime:2  | Lost mutation: You tend to lose your temper in combat. [potion of mutation]
 37507 | Slime:2  | Gained mutation: Your skin changes colour to match your surroundings (Stealth+). [potion of mutation]
 37508 | Slime:2  | Lost mutation: You are weak. (Str -2) [potion of mutation]
 37508 | Slime:2  | Lost mutation: You occasionally shout uncontrollably at your foes. [potion of mutation]
 37508 | Slime:2  | Lost mutation: You have a pair of small horns on your head. [potion of mutation]
 37508 | Slime:2  | Gained mutation: Your spells are a little easier to cast, but a little less powerful. [potion of mutation]
 37508 | Slime:2  | Gained mutation: You are somewhat resistant to further mutation. [potion of mutation]
 37508 | Slime:2  | Gained mutation: You are partially covered in yellow scales. (AC +2) [potion of mutation]
 37509 | Slime:2  | Lost mutation: Your spells are a little easier to cast, but a little less powerful. [potion of mutation]
 37509 | Slime:2  | Lost mutation: Your movements are slightly less encumbered by armour. (ER -2) [potion of mutation]
 37509 | Slime:2  | Lost mutation: You are partially covered in rugged brown scales. (AC +1, +3% HP) [potion of mutation]
 37509 | Slime:2  | Gained mutation: Your mind is acute. (Int +2) [potion of mutation]
 37509 | Slime:2  | Gained mutation: You are robust. (+10% HP) [potion of mutation]
 37777 | Slime:2  | Reached skill level 19 in Unarmed Combat
 37913 | Slime:2  | HP: 1/307 [azure jelly (32)]
 37913 | Slime:2  | Slain by an azure jelly

Vault maps used:
D:1:      grunt_arrival_lava_bath, solitary_fountain, minmay_split_cup_large
D:2:      first_ration
D:3:      kennysheep_crisscross, minmay_crystal_water, minmay_misc_feat_doors,
          wad_floor_pattern_1, minmay_splitting_lines
D:4:      lemuel_round_altar, hangedman_decor_growths, uniq_crazy_yiuf_cottage,
          uniq_duvessa
D:5:      grunt_decor_fettered, hangedman_decor_riveting
D:6:      kennysheep_windowed_halls, minmay_temple_entry_nine_rooms
D:7:      basic_altar, serial_shops, nicolae_shop_trees, shop
D:8:      lair_entry_dummy, uniq_prince_ribbit1
D:9:      nicolae_whirlpool, serial_shops, kennysheep_mini, serial_ice,
          serial_ice_f, serial_ice_e, serial_ice_c, serial_ice_l, serial_ice_b,
          serial_ice_d, serial_ice_a, serial_ice_m, serial_ice_g, serial_ice_o
D:10:     david_orc_2, serial_bayou, serial_bayou_pond_d, serial_bayou_pond_d,
          serial_bayou_pond_c, serial_bayou_crossing, the_bakery
D:11:     serial_shops, nicolae_shop_waterfront, nicolae_shop_trees, shop,
          nicolae_shop_statue_plus, shop
D:12:     special_room
D:13:     tgw_xom
D:14:     david_vaults_1, hex_tiny, serial_shops, shop, uniq_frances
D:15:     gammafunk_depths_entry_grave, nicolae_gozag_seed_capital,
          jmf_multi_god_temple2
Lair:1:   lab_entry_generic, grunt_megastairs_4
Lair:2:   swamp_mist_pool, minmay_snake_entry_six_corridors, st_stairs_13
Lair:3:   special_room, beast_lair_carwin_1, uniq_urug, uniq_gastronok
Lair:4:   minmay_hedge_maze
Lair:5:   enter_volcano_3, grunt_megastairs_5
Lair:6:   due_jungle_book, minmay_slime_entry_oklob_open, lemuel_fruit_fields,
          minmay_lair_oklob_chamber, infiniplex_staircase_pool_2
Swamp:1:  nicolae_swamp_rocky_clearing, swamp_pool4,
          nicolae_swamp_feature_on_the_river_bank
Swamp:2:  evilmike_swamp_ruin_house_3, swamp_pool3, uniq_donald
Swamp:3:  evilmike_swamp_ruin_house_5
Swamp:4:  grunt_swamp_rune_castle
Snake:1:  serial_curves, eino_curves_02, eino_curves_02, special_room,
          lemuel_oklob_altar, serial_bayou_shore_b, grunt_megastairs_2,
          uniq_aizul
Orc:2:    kennysheep_orc_mage_school, serial_shops, shop, mines_bat_river,
          uniq_sonja
Depths:1: abrahamwl_protected_by_tso_2, kennysheep_cross_room,
          rand_demon_pan_entry_5, hell_entry, dpeg_stationary_puzzle
Lab:      labyrinth_mini_lab, lab_statue, labyrinth_skeletal_remains
Volcano:  volcano_lake

Skill      XL: |  1  2  3  4  5  6  7  8  9 10 11 12 13 14 15 16 17 18 |
---------------+-------------------------------------------------------+-----
Unarmed Combat | 4 5 6 8 9 11 12 13 15 16 17 18 19 | 19.0
Fighting       | 3 4 5 6 7 8 10 11 12 13 | 13.6
Dodging        | 3 4 5 6 7 8 10 11 12 13 | 13.6
Shields        | 1 2 3 5 6 7 8 9 10 11 12 | 12.6
Throwing       | 5 |  5.0
Stealth        | |  1.0

Action                   |  1- 3 |  4- 6 |  7- 9 | 10-12 | 13-15 | 16-18 || total
-------------------------+-------+-------+-------+-------+-------+-------++-------
Melee: Unarmed           |   101 |   129 |   364 |   776 |  1008 |  1572 ||  3950
       Punch             |     2 |     2 |       |       |       |       ||     4
Throw: Javelin           |       |       |       |       |    99 |    16 ||   115
Evoke: Wand              |       |       |       |    23 |    41 |    38 ||   102
       Sack of spiders   |       |       |       |    10 |       |       ||    10
  Use: Potion            |       |     8 |     4 |     9 |    12 |    33 ||    66
       Scroll            |       |       |    11 |    11 |    15 |    14 ||    51
 Stab: Sleeping          |     1 |     3 |     4 |       |       |       ||     8
       Distracted        |     1 |       |       |       |       |       ||     1
       Invisible         |       |       |     1 |     6 |       |       ||     7
       Fleeing           |       |       |       |     1 |       |       ||     1
       Confused          |       |       |       |       |     7 |       ||     7
       Paralysed         |       |       |       |       |     1 |       ||     1
  Eat: Chunk             |    19 |    18 |    36 |    82 |    85 |    99 ||   339
       Ration            |       |       |       |       |       |     6 ||     6
Armor: Robe              |    30 |    20 |    88 |   130 |    49 |       ||   317
       Skin              |       |    11 |       |       |     3 |    84 ||    98
       Troll leather arm |       |       |       |       |    98 |    51 ||   149
       Acid dragon scale |       |       |       |       |       |   299 ||   299
Dodge: Dodged            |    33 |    58 |   121 |   297 |   257 |   573 ||  1339
Block: Shield            |       |     3 |   128 |   464 |   671 |   791 ||  2057
       Reflection        |       |       |       |     1 |    41 |    28 ||    70
       Large shield      |       |       |       |       |       |   409 ||   409

Table legend:
 A = Spawn XP
 B = Non-spawn XP
 C = Spawn XP percentage of total XP
 D = Spawn monster count
 E = Non-spawn monster count
 F = Spawn count percentage of total count
 G = Total turns spent on level
                    A         B        C        D         E        F      G
               +---------+---------+-------+---------+---------+-------+---------
         Total |       0 |  308816 |   0.0 |       0 |    1084 |   0.0 | 37913
               +---------+---------+-------+---------+---------+-------+---------
           D:1 |       0 |      25 |   0.0 |       0 |      14 |   0.0 |   674
           D:2 |       0 |      65 |   0.0 |       0 |      21 |   0.0 |   741
           D:3 |       0 |      69 |   0.0 |       0 |      22 |   0.0 |   880
           D:4 |       0 |     514 |   0.0 |       0 |      16 |   0.0 |  1147
           D:5 |       0 |     454 |   0.0 |       0 |      16 |   0.0 |   715
           D:6 |       0 |    1728 |   0.0 |       0 |      44 |   0.0 |  1603
           D:7 |       0 |    2111 |   0.0 |       0 |      22 |   0.0 |   902
           D:8 |       0 |    3439 |   0.0 |       0 |      38 |   0.0 |  1934
           D:9 |       0 |    4395 |   0.0 |       0 |      49 |   0.0 |  1719
          D:10 |       0 |    2944 |   0.0 |       0 |      42 |   0.0 |  1088
          D:11 |       0 |    3588 |   0.0 |       0 |      11 |   0.0 |   817
          D:12 |       0 |   10430 |   0.0 |       0 |      64 |   0.0 |   924
          D:13 |       0 |    8120 |   0.0 |       0 |      32 |   0.0 |   700
          D:14 |       0 |   14249 |   0.0 |       0 |      36 |   0.0 |  1248
          D:15 |       0 |   20607 |   0.0 |       0 |      35 |   0.0 |  1479
        Lair:1 |       0 |    5699 |   0.0 |       0 |      26 |   0.0 |  1333
        Lair:2 |       0 |   14157 |   0.0 |       0 |      47 |   0.0 |  1912
        Lair:3 |       0 |    7946 |   0.0 |       0 |      37 |   0.0 |  1490
        Lair:4 |       0 |    2928 |   0.0 |       0 |      12 |   0.0 |   923
        Lair:5 |       0 |    7407 |   0.0 |       0 |      27 |   0.0 |  1076
        Lair:6 |       0 |   37018 |   0.0 |       0 |      92 |   0.0 |  2440
       Swamp:1 |       0 |    4591 |   0.0 |       0 |      10 |   0.0 |  1115
       Swamp:2 |       0 |    9227 |   0.0 |       0 |      17 |   0.0 |   904
       Swamp:3 |       0 |   14250 |   0.0 |       0 |      34 |   0.0 |  1265
       Swamp:4 |       0 |   36930 |   0.0 |       0 |      69 |   0.0 |  1559
       Snake:1 |       0 |    8903 |   0.0 |       0 |      13 |   0.0 |   262
       Slime:1 |       0 |   18312 |   0.0 |       0 |      35 |   0.0 |  1380
       Slime:2 |       0 |   17964 |   0.0 |       0 |      29 |   0.0 |   696
       Slime:3 |       0 |    1013 |   0.0 |       0 |       1 |   0.0 |    59
         Orc:1 |       0 |    4180 |   0.0 |       0 |      32 |   0.0 |   776
         Orc:2 |       0 |   10939 |   0.0 |       0 |      90 |   0.0 |  2069
      Depths:1 |       0 |   28713 |   0.0 |       0 |      38 |   0.0 |  1297
           Lab |       0 |    1223 |   0.0 |       0 |       1 |   0.0 |   148
       Volcano |       0 |    4678 |   0.0 |       0 |      12 |   0.0 |   638
               +---------+---------+-------+---------+---------+-------+---------
